 Dungeon Crawl Stone Soup version 0.31-a0-182-gc5ef74bbde (webtiles) character file.

Game seed: 6076910348004827003

99460 qw the Severer (level 16, -5/104 HPs)
             Began as a Gargoyle Fighter on June 20, 2023.
             Was a High Priest of Okawaru.
             Killed by an exploding bloated husk (23 damage)
             ... set off by themself
             ... on level 2 of the Swamp.
             The game lasted 00:13:46 (23707 turns).

qw the Severer (Gargoyle Fighter)                  Turns: 23707, Time: 00:13:46

Health: -5/104     AC: 42    Str: 33    XL:     16   Next: 25%
Magic:  23/23      EV: 11    Int: 10    God:    Okawaru [*****.]
Gold:   1059       SH: 18    Dex:  9    Spells: 15/15 levels left

rFire   . . .        f - +3 broad axe "Vynowk" {freeze, rC+}
rCold   + + +        v - +0 kite shield {rF+}
rNeg    + . .        n - +2 plate armour {rC+}
rPois   inf          A - +2 helmet
rElec   +            y - +2 cloak {rCorr}
rCorr   +            h - +1 pair of gloves
SInv    +            (no boots)
Will    +....        z - amulet of reflection Stlth
                     s - ring of see invisible
HPRegen 0.37/turn    j - +6 ring of strength
MPRegen 0.18/turn

%: reflection
@: about to teleport, heroic, flying
A: sickness immunity, AC +12, big wings, negative energy resistance 1,
electricity resistance, torment resistance 1, petrification resistance, talons
1, cold resistance 1, shaggy fur 1, heat vulnerability 1
a: Renounce Religion, Heroism, Finesse, Duel


You were on level 2 of the Swamp.
You worshipped Okawaru.
Okawaru was extremely pleased with you.
You visited 5 branches of the dungeon, and saw 25 of its levels.
You also visited: Sewer.

You collected 2321 gold pieces.
You spent 1262 gold pieces at shops.


Innate Abilities, Weirdness & Mutations

You are immune to sickness and miasma.
Your stone body is resilient. (AC +12)
You are immune to poison.
Your large and strong wings let you fly.
You resist negative energy. (rN+)
You are resistant to electric shocks. (rElec)
You are resistant to unholy torment.
You are immune to petrification.
You have sharp toenails.
Your flesh is cold resistant. (rC+)
You are covered in fur. (AC +1)
You are vulnerable to heat. (rF-)


   Skills:
 - Level 13.0(18.0) Fighting
 - Level 17.0(22.0) Axes
 - Level 5.0(10.0) Throwing
 + Level 11.8(16.8) Armour
 - Level 3.3(8.3) Dodging
 - Level 13.0(18.0) Shields
 - Level 10.0 Invocations


You had 15 spell levels left.
You didn't know any spells.
Your spell library was empty.

Inventory:

Hand Weapons
 f - the +3 broad axe "Vynowk" (weapon) {freeze, rC+}
   (You acquired it on level 4 of the Dungeon)

   rC:        It protects you from cold.
 B - a +0 broad axe
 C - a +2 hand axe of flaming
Missiles
 c - 3 boomerangs (quivered)
Armour
 h - a +1 pair of gloves (worn)
 n - a +2 plate armour of cold resistance (worn)
 v - a +0 kite shield of fire resistance (worn)
 y - a +2 cloak of preservation (worn)
 A - a +2 helmet (worn)
Jewellery
 j - a +6 ring of strength (right hand)
 m - a ring of willpower
 s - a ring of see invisible (left hand)
 u - a ring of ice
 x - a ring of protection from cold
 z - an amulet of reflection (around neck)
Scrolls
 b - 2 scrolls of teleportation
 l - 5 scrolls of enchant weapon
 o - 13 scrolls of identify
Potions
 a - 2 potions of resistance
 d - 3 potions of might
 e - 4 potions of haste
 g - 12 potions of enlightenment
 i - a potion of magic
 k - 3 potions of attraction
 p - 2 potions of cancellation
 q - 4 potions of curing
 r - 3 potions of lignification
 D - a potion of mutation

Dungeon Overview and Level Annotations

Branches:
Dungeon (15/15)            Temple (1/1) D:5            Lair (5/5) D:11
  Swamp (2/4) Lair:2        Snake (0/4) Lair:3        Slime (0/5) Lair:5
    Orc (2/2) D:11            Elf (0/3) Orc:2        Vaults (0/5) D:13
 Depths (0/4) D:15          Sewer (visited)

Altars:
Ashenzari
Cheibriados
Dithmenos
Elyvilon
Fedhas
Gozag
Hepliaklqana
Kikubaaqudgha
Makhleb
Nemelex Xobeh
Okawaru
Qazlal
Ru
Sif Muna
Trog
Uskayaw
Vehumet
Wu Jian
Xom
Yredelemnul
Zin
The Shining One
Jiyva

Shops:
D:8 (   D:10 ***   D:11 [   Orc:1 :   Orc:2 [(*(

Annotations:
D:7 4 runed translucent doors
D:9 1 runed translucent door, qw's ghost, novice GrFi
D:14 3 runed translucent doors, Axipewex's ghost, journeyman OgTm; Cofimnas's ghost, journeyman FoFi; Nouqea's ghost, journeyman GrFi; Pios Xaciraj's ghost, journeyman DgHW
Orc:1 1 runed translucent door, jujuben's ghost, journeyman HOGl


Message History

The noxious blast engulfs you but does no damage.
You resist.
You slice the swamp drake!! You freeze the swamp drake.
You kill the swamp drake!
Okawaru accepts your kill.
The spriggan rider hits you from afar with a +0 spear!
Your surroundings suddenly seem different.
Found a scroll of fog.
Found a stone staircase leading up and a stone staircase leading down.
You start resting.
A ghoul comes into view.
A bloated husk comes into view.
23699 ||| READING 4 scrolls of teleportation.
As you read the scroll of teleportation, it crumbles to dust.
You feel strangely unstable.
You slice the ghoul like a ripe choko!!!
You freeze the ghoul! Your kick misses the ghoul.
The ghoul is moderately damaged.
You block the ghoul's attack. The ghoul completely misses you.
You barely miss the ghoul. You claw the ghoul.
The ghoul is heavily damaged.
A bog body comes into view.
You slash the ghoul! You claw the ghoul!
The ghoul is heavily damaged.
Your surroundings suddenly seem different.
A tyrant leech comes into view.
Found 34 gold pieces and a scale mail.
23703 ||| FLEEEEING.
You throw a boomerang. The boomerang hits the bloated husk.
The bloated husk is lightly damaged.
You throw a boomerang. The boomerang hits the bloated husk!
The bloated husk is moderately damaged.
23706 ||| READING 3 scrolls of teleportation.
As you read the scroll of teleportation, it crumbles to dust.
You feel strangely unstable.
You cut the bloated husk into ribbons!!!
You freeze the bloated husk. Okawaru accepts your kill.
The bloated husk explodes!
The blast of putrescent gases engulfs you!!
You die...

n~~~7 77..~~7
7~~n~~7
77?.~.7 77¤.7
77..77 77~~.>7
...7...7.7
#.$.~.@~77
#...~~¤~.7
#......~~..7
...$.~~..~7~~.
.....7w7.77
~7~~
.....~~.77 7
.##..~~.
#[.... ....7.


You could see a tyrant leech and a bog body.

Vanquished Creatures
  A very ugly thing (D:15)
  Nessos (D:15)
  2 bunyips
  A dire elephant (D:15)
  Josephine (D:14)
  9 hydras
  Fannar (Lair:3)
  4 vault guards (D:13)
  Erolcha (Orc:2)
  A catoblepas (Lair:5)
  Erica (Orc:1)
  A centaur warrior (D:15)
  An alligator (Swamp:1)
  2 tengu warriors
  7 two-headed ogres
  5 death yaks (Lair:5)
  A deep troll shaman (Lair:5)
  10 boulder beetles
  4 orc high priests
  Nergalle (D:12)
  4 skeletal warriors (D:11)
  2 skysharks
  A spriggan druid (Swamp:2)
  2 swamp dragons (Swamp:1)
  A lindwurm (Lair:5)
  2 bog bodies (Swamp:1)
  3 wizards (D:14)
  A deep elf pyromancer (D:13)
  6 orc knights
  Pikel (D:7)
  A salamander (D:15)
  An oklob plant (D:11)
  7 ugly things
  9 orc sorcerers
  A manticore (D:12)
  2 cyclopes
  3 elephants (Lair:5)
  2 will-o-the-wisps (Swamp:1)
  Joseph (D:7)
  An ice statue (D:11)
  A black mamba (Lair:3)
  2 gargoyles
  8 cane toads
  A kobold demonologist (D:11)
  8 komodo dragons
  4 yaktaurs (D:15)
  5 rime drakes
  A tengu conjurer (D:14)
  2 polar bears
  3 meliai (D:15)
  5 trolls
  A wind drake (shapeshifter) (D:14)
  A tarantella (shapeshifter) (D:13)
  2 bloated husks
  11 tyrant leeches
  8 blink frogs
  2 hornets (Swamp:1)
  A dream sheep (Lair:3)
  A centaur simulacrum (D:15)
  A culicivora (shapeshifter) (D:14)
  10 slime creatures
  2 spriggans (Swamp:1)
  2 vampires
  A shadow (D:11)
  11 wraiths
  38 yaks
  2 basilisks
  6 wyverns
  A hog (shapeshifter) (D:15)
  7 humans (D:13)
  3 steam dragons
  13 vampire mosquitoes
  Menkaure (D:4)
  5 swamp worms
  3 wargs
  3 nagas (Lair:3)
  An acid dragon (D:12)
  16 water moccasins
  Duvessa (D:7)
  5 swamp drakes
  5 black bears
  28 orc warriors
  3 ice beasts
  A sky beast (D:6)
  12 ogres
  22 wolves
  9 centaurs
  3 lemures (D:7)
  A phantom (D:5)
  3 gnoll sergeants
  4 scorpions
  23 bullfrogs
  3 wights (D:8)
  Dowan (D:7)
  9 killer bees
  7 jellies
  6 howler monkeys
  2 hounds
  20 orc priests
  Ijyb (D:4)
  6 iguanas
  A sleepcap (D:8)
  26 orc wizards
  Natasha (thrice) (D:2)
  A sickly merfolk siren (Sewer)
  A malarious merfolk avatar (Sewer)
  13 gnolls
  A river rat (Sewer)
  7 adders
  2 white imps (D:6)
  3 worms
  A dart slug (D:2)
  71 orcs
  3 bats
  9 endoplasms
  6 giant cockroaches
  14 goblins
  6 hobgoblins
  6 quokkas
  9 ball pythons
  3 frilled lizards
  8 kobolds
  20 rats
688 creatures vanquished.

Vanquished Creatures (others)
  A human (D:13)
  6 foxfires (Swamp:1)
7 creatures vanquished.

Grand Total: 695 creatures vanquished

Notes
Turn   | Place    | Note
-------+----------+-------------------------------------------
     0 | D:1      | qw the Gargoyle Fighter began the quest for the Orb.
     0 | D:1      | Reached XP level 1. HP: 14/14 MP: 1/1
     0 | D:1      | 0 ||| qw: Version: 0.3-a-9-g12657ce
     0 | D:1      | 0 ||| qw: Game counter: 1473
     0 | D:1      | 0 ||| qw: Always use a shield: true
     0 | D:1      | 0 ||| qw: God list: Okawaru
     0 | D:1      | 0 ||| qw: Allow faded altars: false
     0 | D:1      | 0 ||| qw: Do Orc after D:15 true
     0 | D:1      | 0 ||| qw: Do second Lair branch before Depths: true
     0 | D:1      | 0 ||| qw: Lair rune preference: random
     0 | D:1      | 0 ||| qw: Plans: Normal, Zot:1-4, Slime:5, God:TSO, Crypt,
                  | Tomb, Abyss, Pan, Hells, Win
     0 | D:1      | 0 ||| PLANNING D:1-11
    74 | D:1      | Found a faded altar of an unknown god.
    91 | D:1      | Reached skill level 2 in Axes
   172 | D:1      | Reached XP level 2. HP: 19/19 MP: 2/2
   495 | D:1      | 495 ||| UPGRADING to +1 buckler of fire resistance.
   505 | D:1      | 505 ||| DROPPING +0 buckler.
   506 | D:1      | 506 ||| READING scroll labelled ERPHAI GOPUXARI.
   573 | D:2      | 573 ||| FLEEEEING.
   600 | D:2      | Identified the +7 short sword of War {flame, Dex+4}
   628 | D:2      | Reached skill level 3 in Axes
   628 | D:2      | Reached XP level 3. HP: 23/23 MP: 3/3
   634 | D:2      | 634 ||| Stepping ~*~*~tactically~*~*~ (hiding).
   652 | D:2      | 652 ||| Stepping ~*~*~tactically~*~*~ (stealth).
   653 | D:2      | 653 ||| Stepping ~*~*~tactically~*~*~ (stealth).
   664 | D:2      | Noticed Natasha
   671 | D:2      | Killed Natasha
   675 | D:2      | Noticed Natasha
   676 | D:2      | 676 ||| Stepping ~*~*~tactically~*~*~ (stealth).
   699 | D:2      | 699 ||| Stepping ~*~*~tactically~*~*~ (stealth).
   727 | D:2      | 727 ||| Stepping ~*~*~tactically~*~*~ (hiding).
   738 | D:2      | HP: 3/23 [Natasha (5)]
   739 | D:2      | Killed Natasha
   740 | D:2      | Reached skill level 4 in Axes
   740 | D:2      | Reached XP level 4. HP: 5/28 MP: 4/4
  1258 | D:2      | Noticed Natasha
  1319 | D:2      | Killed Natasha
  1320 | D:2      | Reached XP level 5. HP: 21/32 MP: 5/5
  1527 | D:2      | 1527 ||| UPGRADING to amulet of regeneration.
  1532 | D:2      | 1532 ||| UPGRADING to ring of willpower.
  1533 | D:2      | 1533 ||| UPGRADING to ring of willpower.
  1534 | D:2      | 1534 ||| READING scroll labelled ZEINYUNEMP.
  1539 | D:2      | 1539 ||| READING scroll labelled URIWYJ TUNGEJOGAI.
  1540 | D:2      | 1540 ||| READING scroll labelled XAPITODUSMI.
  1556 | D:3      | 1556 ||| PLANNING SEWER
  1631 | D:3      | 1631 ||| Stepping ~*~*~tactically~*~*~ (stealth).
  1817 | D:3      | 1817 ||| Stepping ~*~*~tactically~*~*~ (stealth).
  2010 | D:3      | Reached skill level 1 in Throwing
  2022 | D:3      | Found a glowing drain.
  2023 | D:3      | 2023 ||| UPGRADING to +0 chain mail.
  2033 | D:3      | 2033 ||| DROPPING +0 scale mail.
  2034 | D:3      | 2034 ||| UPGRADING to +6 ring of strength.
  2036 | D:3      | 2036 ||| DROPPING ring of willpower.
  2037 | D:3      | 2037 ||| READING scroll labelled SOEQO MURECH.
  2038 | D:3      | 2038 ||| READING 2 scrolls labelled KODEBEP TOXUMM.
  2042 | Sewer    | Entered a sewer
  2115 | Sewer    | Reached skill level 5 in Axes
  2163 | Sewer    | 2163 ||| Stepping ~*~*~tactically~*~*~ (stealth).
  2175 | Sewer    | 2175 ||| Stepping ~*~*~tactically~*~*~ (stealth).
  2242 | Sewer    | 2242 ||| Stepping ~*~*~tactically~*~*~ (stealth).
  2244 | Sewer    | 2244 ||| Stepping ~*~*~tactically~*~*~ (stealth).
  2257 | Sewer    | Reached XP level 6. HP: 38/38 MP: 6/6
  2342 | Sewer    | 2342 ||| READING scroll labelled JAUGAZ IZAEJI.
  2343 | Sewer    | 2343 ||| DRINKING 2 purple potions.
  2343 | Sewer    | Gained mutation: You occasionally lose the ability to drink
                  | potions when taking damage. [potion of mutation]
  2343 | Sewer    | Gained mutation: Your mind is acute. (Int +4, Str/Dex -1)
                  | [potion of mutation]
  2343 | Sewer    | Gained mutation: Your flesh is cold resistant. (rC+)
                  | [potion of mutation]
  2344 | Sewer    | 2344 ||| DRINKING potion of mutation.
  2344 | Sewer    | Lost mutation: Your mind is acute. (Int +4, Str/Dex -1)
                  | [potion of mutation]
  2344 | Sewer    | Lost mutation: You occasionally lose the ability to drink
                  | potions when taking damage. [potion of mutation]
  2344 | Sewer    | Gained mutation: You sometimes lose your temper in combat.
                  | [potion of mutation]
  2344 | Sewer    | Gained mutation: Your flesh is very cold resistant. (rC++)
                  | [potion of mutation]
  2358 | D:3      | 2358 ||| PLANNING D:1-11
  2673 | D:4      | 2673 ||| Stepping ~*~*~tactically~*~*~ (stealth).
  2674 | D:4      | 2674 ||| Stepping ~*~*~tactically~*~*~ (stealth).
  2677 | D:4      | 2677 ||| Stepping ~*~*~tactically~*~*~ (stealth).
  2678 | D:4      | 2678 ||| Stepping ~*~*~tactically~*~*~ (stealth).
  2680 | D:4      | 2680 ||| Stepping ~*~*~tactically~*~*~ (stealth).
  2772 | D:4      | Reached skill level 6 in Axes
  2772 | D:4      | Reached XP level 7. HP: 43/43 MP: 7/7
  2921 | D:4      | Found a burning altar of Makhleb.
  2963 | D:4      | Found a radiant altar of Vehumet.
  2964 | D:4      | 2964 ||| DROPPING +0 mace.
  2966 | D:4      | Noticed Ijyb
  2980 | D:4      | Killed Ijyb
  3178 | D:4      | Noticed Menkaure
  3179 | D:4      | 3179 ||| Stepping ~*~*~tactically~*~*~ (hiding).
  3192 | D:4      | Killed Menkaure
  3616 | D:4      | 3616 ||| READING scroll labelled ICAXIP QIGERPH.
  3617 | D:4      | 3617 ||| READING scroll labelled AJAMIZX WOBUZOULY.
  3618 | D:4      | 3618 ||| READING scroll labelled DAMAJA DUMUWN.
  3618 | D:4      | Identified a scroll of acquirement
  3618 | D:4      | 3618 ||| ACQUIRING +3 broad axe "Vynowk" {freeze, rC+}
  3618 | D:4      | Acquired the +3 broad axe "Vynowk" {freeze, rC+}
  3620 | D:4      | 3620 ||| SWAPPING to +3 broad axe "Vynowk" {freeze, rC+}.
  3654 | D:5      | Entered Level 5 of the Dungeon
  3657 | D:5      | 3657 ||| Stepping ~*~*~tactically~*~*~ (stealth).
  3658 | D:5      | 3658 ||| Stepping ~*~*~tactically~*~*~ (stealth).
  3660 | D:5      | 3660 ||| Stepping ~*~*~tactically~*~*~ (hiding).
  3661 | D:5      | 3661 ||| Stepping ~*~*~tactically~*~*~ (hiding).
  3662 | D:5      | 3662 ||| Stepping ~*~*~tactically~*~*~ (hiding).
  3803 | D:5      | Found a staircase to the Ecumenical Temple.
  3804 | D:5      | 3804 ||| PLANNING TEMPLE
  3807 | D:5      | 3807 ||| Stepping ~*~*~tactically~*~*~ (stealth).
  3827 | D:5      | Reached skill level 7 in Axes
  3829 | Temple   | Entered the Ecumenical Temple
  3838 | Temple   | 3838 ||| PLANNING OKAWARU WORSHIP
  4027 | Temple   | Became a worshipper of Warmaster Okawaru
  4028 | Temple   | 4028 ||| PLANNING D:1-11
  4043 | D:5      | 4043 ||| Stepping ~*~*~tactically~*~*~ (stealth).
  4091 | D:5      | Reached XP level 8. HP: 48/48 MP: 8/8
  4173 | D:5      | 4173 ||| Stepping ~*~*~tactically~*~*~ (hiding).
  4197 | D:5      | You fall into a shaft and drop 2 floors!
  4242 | D:6      | 4242 ||| DRINKING 2 coppery potions.
  4362 | D:5      | 4362 ||| Stepping ~*~*~tactically~*~*~ (stealth).
  4385 | D:5      | Reached * piety under Okawaru
  4427 | D:5      | Reached skill level 1 in Invocations
  4455 | D:5      | Reached skill level 8 in Axes
  4475 | D:5      | 4475 ||| Stepping ~*~*~tactically~*~*~ (stealth).
  4540 | D:5      | 4540 ||| Stepping ~*~*~tactically~*~*~ (hiding).
  4592 | D:5      | 4592 ||| INVOKING Heroism.
  4727 | D:5      | Reached skill level 6 in Fighting
  4824 | D:5      | 4824 ||| UPGRADING to +0 plate armour.
  4834 | D:5      | 4834 ||| DROPPING +0 chain mail.
  4835 | D:5      | 4835 ||| READING scroll labelled KIFECAM NIATAI.
  4836 | D:5      | 4836 ||| DRINKING 2 pink potions.
  4837 | D:5      | 4837 ||| DRINKING 2 blue potions.
  4871 | D:6      | Reached skill level 3 in Invocations
  4871 | D:6      | Reached XP level 9. HP: 55/55 MP: 11/11
  4879 | D:6      | 4879 ||| Stepping ~*~*~tactically~*~*~ (hiding).
  4899 | D:6      | 4899 ||| Stepping ~*~*~tactically~*~*~ (hiding).
  4900 | D:6      | 4900 ||| FLEEEEING.
  4901 | D:6      | 4901 ||| FLEEEEING.
  4905 | D:6      | 4905 ||| INVOKING Heroism.
  5352 | D:6      | 5352 ||| DROPPING orb of guile.
  5353 | D:6      | 5353 ||| READING 2 scrolls of identify.
  5353 | D:6      | 5353 ||| IDENTIFYING brown potion
  5354 | D:6      | 5354 ||| DROPPING potion of degeneration.
  5379 | D:7      | Noticed Joseph
  5393 | D:7      | Killed Joseph
  5394 | D:7      | Reached skill level 9 in Axes
  5509 | D:7      | 5509 ||| DRINKING potion of mutation.
  5509 | D:7      | Lost mutation: Your flesh is very cold resistant. (rC++)
                  | [potion of mutation]
  5509 | D:7      | Lost mutation: You sometimes lose your temper in combat.
                  | [potion of mutation]
  5509 | D:7      | Gained mutation: You are covered in fur. (AC +1) [potion of
                  | mutation]
  5509 | D:7      | Gained mutation: You have sharp toenails. [potion of
                  | mutation]
  5584 | D:7      | 5584 ||| Stepping ~*~*~tactically~*~*~ (hiding).
  5602 | D:7      | 5602 ||| INVOKING Heroism.
  5630 | D:7      | Found a large runed translucent door.
  5632 | D:7      | Found a large runed translucent door.
  5636 | D:7      | Noticed a gargoyle
  5646 | D:7      | Reached ** piety under Okawaru
  5667 | D:7      | 5667 ||| INVOKING Heroism.
  5787 | D:7      | Noticed Pikel
  5788 | D:7      | 5788 ||| Stepping ~*~*~tactically~*~*~ (stealth).
  5789 | D:7      | 5789 ||| Stepping ~*~*~tactically~*~*~ (stealth).
  5792 | D:7      | 5792 ||| INVOKING Heroism.
  5804 | D:7      | Killed Pikel
  5805 | D:7      | Reached XP level 10. HP: 54/64 MP: 11/13
  5810 | D:7      | 5810 ||| Stepping ~*~*~tactically~*~*~ (hiding).
  5811 | D:7      | 5811 ||| Stepping ~*~*~tactically~*~*~ (hiding).
  5812 | D:7      | 5812 ||| Stepping ~*~*~tactically~*~*~ (hiding).
  5837 | D:7      | Noticed Duvessa
  5837 | D:7      | Noticed Dowan
  5838 | D:7      | 5838 ||| INVOKING Heroism.
  5844 | D:7      | Killed Dowan
  5847 | D:7      | Killed Duvessa
  5872 | D:7      | 5872 ||| INVOKING Heroism.
  5927 | D:7      | Found a large runed translucent door.
  5927 | D:7      | Found a large runed translucent door.
  5984 | D:7      | Reached skill level 10 in Axes
  6060 | D:7      | 6060 ||| Stepping ~*~*~tactically~*~*~ (stealth).
  6062 | D:7      | 6062 ||| Stepping ~*~*~tactically~*~*~ (stealth).
  6063 | D:7      | 6063 ||| Stepping ~*~*~tactically~*~*~ (stealth).
  6380 | D:7      | 6380 ||| INVOKING Heroism.
  6396 | D:7      | 6396 ||| Stepping ~*~*~tactically~*~*~ (stealth).
  6397 | D:7      | 6397 ||| Stepping ~*~*~tactically~*~*~ (stealth).
  6413 | D:7      | Reached skill level 3 in Throwing
  6449 | D:7      | 6449 ||| UPGRADING to +0 kite shield.
  6459 | D:7      | 6459 ||| DROPPING +1 buckler of fire resistance.
  6460 | D:7      | 6460 ||| READING scroll labelled ZATEMAOQAW.
  6540 | D:8      | 6540 ||| INVOKING Heroism.
  6556 | D:8      | Noticed a +0 dagger
  6556 | D:8      | Noticed a +0 short sword
  6558 | D:8      | Noticed a +0 falchion
  6560 | D:8      | Noticed a +0 spear
  6560 | D:8      | Noticed a +0 short sword
  6561 | D:8      | Noticed a +0 dagger
  6561 | D:8      | Noticed a +0 spear
  6568 | D:8      | Noticed a +0 falchion
  6568 | D:8      | Noticed a two-headed ogre
  6569 | D:8      | 6569 ||| INVOKING Heroism.
  6576 | D:8      | Reached skill level 6 in Shields
  6578 | D:8      | Killed a two-headed ogre
  6578 | D:8      | Reached *** piety under Okawaru
  6660 | D:8      | Found Vizumojame's Antique Weapon Shoppe.
  6748 | D:8      | Found a blossoming altar of Fedhas.
  6806 | D:8      | Found a hide-covered altar of Uskayaw.
  6824 | D:8      | 6824 ||| Stepping ~*~*~tactically~*~*~ (hiding).
  6827 | D:8      | 6827 ||| INVOKING Heroism.
  7023 | D:8      | 7023 ||| READING scroll labelled VORULU WE POS.
  7035 | D:8      | 7035 ||| DRINKING 2 fuming silvery potions.
  7036 | D:8      | 7036 ||| DRINKING 2 bubbling green potions.
  7037 | D:8      | 7037 ||| READING 2 scrolls of identify.
  7037 | D:8      | 7037 ||| IDENTIFYING viscous yellow potion
  7038 | D:8      | 7038 ||| DROPPING potion of invisibility.
  7059 | D:9      | Noticed a two-headed ogre
  7060 | D:9      | 7060 ||| INVOKING Heroism.
  7062 | D:9      | Killed a two-headed ogre
  7062 | D:9      | Reached **** piety under Okawaru
  7063 | D:9      | Reached skill level 9 in Shields
  7063 | D:9      | Reached XP level 11. HP: 67/68 MP: 11/14
  7133 | D:9      | Noticed a boulder beetle
  7156 | D:9      | 7156 ||| INVOKING Heroism.
  7170 | D:9      | Killed a boulder beetle
  7171 | D:9      | Reached skill level 6 in Armour
  7207 | D:9      | 7207 ||| Stepping ~*~*~tactically~*~*~ (stealth).
  7384 | D:9      | 7384 ||| Stepping ~*~*~tactically~*~*~ (hiding).
  7387 | D:9      | 7387 ||| INVOKING Heroism.
  7407 | D:9      | Found a runed translucent door.
  7408 | D:9      | Noticed a centaur warrior
  7408 | D:9      | Noticed qw's ghost (novice GrFi)
  7460 | D:9      | 7460 ||| INVOKING Heroism.
  7479 | D:9      | Found a glowing silver altar of Zin.
  7621 | D:9      | 7621 ||| Stepping ~*~*~tactically~*~*~ (hiding).
  7624 | D:9      | 7624 ||| INVOKING Heroism.
  7805 | D:9      | 7805 ||| READING scroll labelled XERAS JEHYN.
  7924 | D:10     | Entered Level 10 of the Dungeon
  7929 | D:10     | 7929 ||| READING scroll of enchant armour.
  7929 | D:10     | 7929 ||| ENCHANTING +0 plate armour.
  7953 | D:10     | 7953 ||| Stepping ~*~*~tactically~*~*~ (stealth).
  7987 | D:10     | Found Vaghahu's General Store.
  7987 | D:10     | Found Ifauf's Assorted Antiques.
  7989 | D:10     | Found Nyve's Assorted Antiques.
  8129 | D:10     | 8129 ||| INVOKING Heroism.
  8176 | D:10     | Noticed a two-headed ogre
  8178 | D:10     | 8178 ||| INVOKING Heroism.
  8182 | D:10     | Killed a two-headed ogre
  8183 | D:10     | 8183 ||| READING scroll labelled QIAFOU OKHLAGH.
  8189 | D:10     | Reached skill level 11 in Axes
  8279 | D:10     | 8279 ||| Stepping ~*~*~tactically~*~*~ (hiding).
  8288 | D:10     | 8288 ||| Stepping ~*~*~tactically~*~*~ (stealth).
  8294 | D:10     | 8294 ||| Stepping ~*~*~tactically~*~*~ (hiding).
  8296 | D:10     | 8296 ||| Stepping ~*~*~tactically~*~*~ (hiding).
  8601 | D:10     | 8601 ||| BUYING potion of lignification (39 gold).
  8601 | D:10     | Bought a potion of lignification for 39 gold pieces
  8601 | D:10     | 8601 ||| BUYING scroll of enchant weapon (97 gold).
  8601 | D:10     | Bought a scroll of enchant weapon for 97 gold pieces
  8601 | D:10     | 8601 ||| Stepping randomly (stuck).
  8867 | D:10     | 8867 ||| Stepping randomly (stuck).
  8923 | D:11     | 8923 ||| INVOKING Heroism.
  8925 | D:11     | Found Iqegorie's Armour Boutique.
  8941 | D:11     | Reached skill level 6 in Invocations
  8942 | D:11     | Found a staircase to the Orcish Mines.
  8961 | D:11     | 8961 ||| BUYING +0 helmet (58 gold).
  8961 | D:11     | Bought a +0 helmet for 58 gold pieces
  8961 | D:11     | 8961 ||| SHOPLISTING +0 plate armour of Valiance {Rampage
                  | *Corrode rC+++ Dex-3} (690 gold, have 513).
  8961 | D:11     | 8961 ||| BUYING +2 cloak of preservation (279 gold).
  8961 | D:11     | Bought a +2 cloak of preservation for 279 gold pieces
  8980 | D:11     | 8980 ||| UPGRADING to +0 helmet.
  8985 | D:11     | 8985 ||| UPGRADING to +2 cloak of preservation.
  9000 | D:10     | 9000 ||| BUYING fuming grey potion (24 gold).
  9000 | D:10     | Bought a fuming grey potion for 24 gold pieces
  9000 | D:10     | 9000 ||| BUYING fuming grey potion (24 gold).
  9000 | D:10     | Bought a fuming grey potion for 24 gold pieces
  9000 | D:10     | 9000 ||| BUYING glowing helmet (202 gold).
  9000 | D:10     | Bought a glowing helmet for 202 gold pieces
  9000 | D:10     | 9000 ||| SHOPLISTING morningstar (108 gold, have 16).
  9000 | D:10     | 9000 ||| SHOPLISTING potion of resistance (270 gold, have
                  | 16).
  9000 | D:10     | 9000 ||| SHOPLISTING scroll of teleportation (81 gold, have
                  | 16).
  9000 | D:10     | 9000 ||| UPGRADING to +1 helmet.
  9010 | D:10     | 9010 ||| DROPPING +0 helmet.
  9011 | D:10     | 9011 ||| DRINKING 2 fuming grey potions.
  9024 | D:11     | Found a staircase to the Lair.
  9025 | D:11     | Noticed an oklob plant
  9026 | D:11     | 9026 ||| INVOKING Heroism.
  9048 | D:11     | Killed an oklob plant
  9273 | D:11     | Noticed a skeletal warrior
  9274 | D:11     | 9274 ||| INVOKING Heroism.
  9282 | D:11     | Killed a skeletal warrior
  9303 | D:11     | Noticed a skeletal warrior
  9303 | D:11     | Noticed a skeletal warrior
  9304 | D:11     | 9304 ||| Stepping ~*~*~tactically~*~*~ (hiding).
  9307 | D:11     | Noticed a skeletal warrior
  9312 | D:11     | Killed a skeletal warrior
  9312 | D:11     | Received a gift from Okawaru
  9313 | D:11     | Reached XP level 12. HP: 64/74 MP: 17/17
  9319 | D:11     | 9319 ||| INVOKING Heroism.
  9458 | D:11     | 9458 ||| Stepping ~*~*~tactically~*~*~ (stealth).
  9467 | D:11     | Reached skill level 9 in Fighting
  9472 | D:11     | 9472 ||| DROPPING +0 flail.
  9514 | D:11     | Noticed a boulder beetle
  9515 | D:11     | 9515 ||| INVOKING Heroism.
  9523 | D:11     | Killed a boulder beetle
  9535 | D:11     | 9535 ||| READING scroll of enchant armour.
  9535 | D:11     | 9535 ||| ENCHANTING +1 helmet.
  9539 | D:11     | Noticed a two-headed ogre
  9544 | D:11     | Killed a two-headed ogre
  9576 | D:11     | 9576 ||| Stepping ~*~*~tactically~*~*~ (hiding).
  9580 | D:11     | 9580 ||| INVOKING Heroism.
  9587 | D:11     | 9587 ||| FLEEEEING.
  9625 | D:11     | 9625 ||| INVOKING Heroism.
  9641 | D:11     | 9641 ||| Stepping ~*~*~tactically~*~*~ (cloud).
  9748 | D:11     | 9748 ||| Stepping ~*~*~tactically~*~*~ (hiding).
  9873 | D:11     | 9873 ||| PLANNING LAIR
  9873 | D:11     | 9873 ||| UPGRADING to ring of see invisible.
  9909 | Lair:1   | Entered Level 1 of the Lair of Beasts
  9915 | Lair:1   | 9915 ||| Stepping ~*~*~tactically~*~*~ (stealth).
  9923 | Lair:1   | Reached skill level 9 in Invocations
  9936 | Lair:1   | Reached ***** piety under Okawaru
 10006 | Lair:1   | 10006 ||| INVOKING Heroism.
 10170 | Lair:1   | 10170 ||| INVOKING Heroism.
 10422 | Lair:1   | 10422 ||| Stepping ~*~*~tactically~*~*~ (stealth).
 10426 | Lair:1   | 10426 ||| Stepping ~*~*~tactically~*~*~ (stealth).
 10460 | Lair:1   | 10460 ||| INVOKING Heroism.
 10464 | Lair:1   | Received a gift from Okawaru
 10606 | Lair:1   | 10606 ||| Stepping ~*~*~tactically~*~*~ (stealth).
 10608 | Lair:1   | 10608 ||| Stepping ~*~*~tactically~*~*~ (stealth).
 10610 | Lair:1   | 10610 ||| Stepping ~*~*~tactically~*~*~ (stealth).
 10616 | Lair:1   | 10616 ||| Stepping ~*~*~tactically~*~*~ (stealth).
 10633 | Lair:1   | 10633 ||| INVOKING Heroism.
 10676 | Lair:1   | You fall into a shaft and drop 1 floor!
 10700 | Lair:2   | Reached skill level 12 in Axes
 10700 | Lair:2   | 10700 ||| READING scroll labelled OLEOT TEACUTAA.
 10715 | Lair:2   | 10715 ||| INVOKING Heroism.
 10722 | Lair:2   | Reached XP level 13. HP: 39/80 MP: 18/20
 10732 | Lair:2   | HP: 17/80 [swamp worm (16)]
 10733 | Lair:2   | 10733 ||| READING 4 scrolls of teleportation.
 10734 | Lair:2   | 10734 ||| DRINKING potion of heal wounds.
 10774 | Lair:2   | 10774 ||| READING scroll of enchant armour.
 10774 | Lair:2   | 10774 ||| ENCHANTING +1 plate armour.
 10936 | Lair:2   | Identified the +0 ring mail of Egemn {rPois Dex+2} (Okawaru
                  | gifted it to you on level 2 of the Lair of Beasts)
 10936 | Lair:2   | Received a gift from Okawaru
 11238 | Lair:2   | 11238 ||| Stepping ~*~*~tactically~*~*~ (stealth).
 11253 | Lair:2   | 11253 ||| Stepping ~*~*~tactically~*~*~ (stealth).
 11278 | Lair:2   | 11278 ||| Stepping ~*~*~tactically~*~*~ (stealth).
 11280 | Lair:2   | 11280 ||| INVOKING Heroism.
 11306 | Lair:2   | Found a staircase to the Swamp.
 11318 | Lair:2   | 11318 ||| INVOKING Heroism.
 11332 | Lair:2   | 11332 ||| DROPPING +1 helmet.
 11441 | Lair:1   | 11441 ||| Stepping ~*~*~tactically~*~*~ (stealth).
 11455 | Lair:1   | 11455 ||| INVOKING Heroism.
 11456 | Lair:1   | 11456 ||| INVOKING Finesse.
 12566 | Lair:3   | 12566 ||| Stepping ~*~*~tactically~*~*~ (hiding).
 12688 | Lair:3   | Found a staircase to the Snake Pit.
 12689 | Lair:3   | 12689 ||| Stepping ~*~*~tactically~*~*~ (hiding).
 12691 | Lair:3   | 12691 ||| Stepping ~*~*~tactically~*~*~ (hiding).
 12693 | Lair:3   | 12693 ||| Stepping ~*~*~tactically~*~*~ (hiding).
 12694 | Lair:3   | 12694 ||| Stepping ~*~*~tactically~*~*~ (hiding).
 12711 | Lair:3   | 12711 ||| Stepping ~*~*~tactically~*~*~ (hiding).
 12714 | Lair:3   | 12714 ||| Stepping ~*~*~tactically~*~*~ (hiding).
 12716 | Lair:3   | 12716 ||| Stepping ~*~*~tactically~*~*~ (hiding).
 12717 | Lair:3   | 12717 ||| Stepping ~*~*~tactically~*~*~ (hiding).
 12846 | Lair:3   | 12846 ||| Stepping ~*~*~tactically~*~*~ (stealth).
 12847 | Lair:3   | 12847 ||| Stepping ~*~*~tactically~*~*~ (stealth).
 12851 | Lair:3   | 12851 ||| Stepping ~*~*~tactically~*~*~ (stealth).
 12856 | Lair:3   | 12856 ||| FLEEEEING.
 12929 | Lair:3   | 12929 ||| INVOKING Heroism.
 12930 | Lair:3   | 12930 ||| SWAPPING to +1 flail of protection.
 12935 | Lair:3   | 12935 ||| SWAPPING to +3 broad axe "Vynowk" {freeze, rC+}.
 12937 | Lair:3   | Reached skill level 13 in Axes
 12937 | Lair:3   | 12937 ||| Stepping ~*~*~tactically~*~*~ (stealth).
 12940 | Lair:3   | 12940 ||| SWAPPING to +1 flail of protection.
 12966 | Lair:3   | 12966 ||| SWAPPING to +3 broad axe "Vynowk" {freeze, rC+}.
 13135 | Lair:3   | Noticed Fannar
 13160 | Lair:3   | Killed Fannar
 13173 | Lair:3   | Identified the +0 leather armour of Magic {Harm Dex+3}
 13181 | Lair:3   | 13181 ||| INVOKING Heroism.
 13212 | Lair:3   | Reached skill level 9 in Armour
 13335 | Lair:3   | 13335 ||| Stepping ~*~*~tactically~*~*~ (stealth).
 13337 | Lair:3   | 13337 ||| INVOKING Heroism.
 13340 | Lair:3   | 13340 ||| SWAPPING to +1 flail of protection.
 13345 | Lair:3   | 13345 ||| SWAPPING to +3 broad axe "Vynowk" {freeze, rC+}.
 13546 | Lair:3   | 13546 ||| UPGRADING to +0 pair of gloves.
 13580 | Lair:4   | 13580 ||| Stepping ~*~*~tactically~*~*~ (stealth).
 13599 | Lair:4   | 13599 ||| INVOKING Heroism.
 13918 | Lair:4   | 13918 ||| Stepping ~*~*~tactically~*~*~ (stealth).
 13927 | Lair:4   | 13927 ||| Stepping ~*~*~tactically~*~*~ (stealth).
 13929 | Lair:4   | 13929 ||| INVOKING Heroism.
 13943 | Lair:4   | Found a dark tunnel.
 13955 | Lair:4   | 13955 ||| Stepping ~*~*~tactically~*~*~ (stealth).
 13982 | Lair:4   | 13982 ||| Stepping ~*~*~tactically~*~*~ (stealth).
 13983 | Lair:4   | 13983 ||| Stepping ~*~*~tactically~*~*~ (stealth).
 13984 | Lair:4   | 13984 ||| Stepping ~*~*~tactically~*~*~ (stealth).
 13985 | Lair:4   | 13985 ||| INVOKING Heroism.
 14081 | Lair:4   | 14081 ||| INVOKING Heroism.
 14405 | Lair:4   | 14405 ||| UPGRADING to amulet of reflection.
 14415 | Lair:4   | 14415 ||| DROPPING amulet of regeneration.
 14434 | Lair:5   | Entered Level 5 of the Lair of Beasts
 14487 | Lair:5   | 14487 ||| INVOKING Heroism.
 14516 | Lair:5   | 14516 ||| INVOKING Heroism.
 14520 | Lair:5   | Gained mutation: Your large and strong wings let you fly.
                  | [Gargoyle growth]
 14520 | Lair:5   | Reached XP level 14. HP: 79/88 MP: 18/21
 14618 | Lair:5   | 14618 ||| Stepping ~*~*~tactically~*~*~ (stealth).
 14630 | Lair:5   | Reached skill level 14 in Axes
 14652 | Lair:5   | 14652 ||| INVOKING Heroism.
 14656 | Lair:5   | 14656 ||| SWAPPING to +1 flail of protection.
 14665 | Lair:5   | 14665 ||| SWAPPING to +3 broad axe "Vynowk" {freeze, rC+}.
 14825 | Lair:5   | Found a viscous altar of Jiyva.
 14826 | Lair:5   | Found a staircase to the Slime Pits.
 14919 | Lair:5   | 14919 ||| Stepping ~*~*~tactically~*~*~ (stealth).
 14920 | Lair:5   | 14920 ||| Stepping ~*~*~tactically~*~*~ (stealth).
 14950 | Lair:5   | 14950 ||| Stepping ~*~*~tactically~*~*~ (stealth).
 14951 | Lair:5   | 14951 ||| Stepping ~*~*~tactically~*~*~ (stealth).
 15165 | Lair:5   | 15165 ||| Stepping ~*~*~tactically~*~*~ (stealth).
 15167 | Lair:5   | 15167 ||| Stepping ~*~*~tactically~*~*~ (stealth).
 15168 | Lair:5   | 15168 ||| INVOKING Heroism.
 15209 | Lair:5   | 15209 ||| Stepping ~*~*~tactically~*~*~ (stealth).
 15222 | Lair:5   | 15222 ||| INVOKING Heroism.
 15236 | Lair:5   | 15236 ||| INVOKING Finesse.
 15240 | Lair:5   | Reached skill level 12 in Shields
 15252 | Lair:5   | 15252 ||| Stepping ~*~*~tactically~*~*~ (stealth).
 15288 | Lair:5   | 15288 ||| Stepping ~*~*~tactically~*~*~ (stealth).
 15291 | Lair:5   | 15291 ||| Stepping ~*~*~tactically~*~*~ (stealth).
 15303 | Lair:5   | 15303 ||| INVOKING Heroism.
 15384 | Lair:5   | 15384 ||| PLANNING D
 15384 | Lair:5   | 15384 ||| DROPPING +0 pair of gloves of hurling.
 15385 | Lair:5   | 15385 ||| DROPPING amulet of guardian spirit.
 15386 | Lair:5   | 15386 ||| DROPPING amulet of the acrobat.
 15525 | D:12     | 15525 ||| FLEEEEING.
 15526 | D:12     | 15526 ||| FLEEEEING.
 15621 | D:12     | 15621 ||| INVOKING Heroism.
 15793 | D:12     | 15793 ||| Stepping ~*~*~tactically~*~*~ (hiding).
 15794 | D:12     | 15794 ||| Stepping ~*~*~tactically~*~*~ (hiding).
 15795 | D:12     | 15795 ||| Stepping ~*~*~tactically~*~*~ (hiding).
 15931 | D:12     | Noticed Nergalle
 15932 | D:12     | 15932 ||| Stepping ~*~*~tactically~*~*~ (hiding).
 15933 | D:12     | 15933 ||| Stepping ~*~*~tactically~*~*~ (hiding).
 15943 | D:12     | Killed Nergalle
 15952 | D:12     | Identified the +5 dagger of Unpleasantness {distort, Will+}
 16008 | D:12     | 16008 ||| Stepping ~*~*~tactically~*~*~ (hiding).
 16009 | D:12     | 16009 ||| Stepping ~*~*~tactically~*~*~ (hiding).
 16760 | D:13     | 16760 ||| Stepping ~*~*~tactically~*~*~ (hiding).
 16765 | D:13     | 16765 ||| INVOKING Heroism.
 16768 | D:13     | 16768 ||| Stepping ~*~*~tactically~*~*~ (hiding).
 16776 | D:13     | 16776 ||| INVOKING Finesse.
 16787 | D:13     | Reached skill level 15 in Axes
 16833 | D:13     | 16833 ||| INVOKING Heroism.
 16868 | D:13     | 16868 ||| READING scroll of enchant armour.
 16868 | D:13     | 16868 ||| ENCHANTING +0 pair of gloves.
 17009 | D:13     | Found a glowing golden altar of the Shining One.
 17064 | D:13     | 17064 ||| DRINKING 5 potions of curing.
 17064 | D:13     | 17064 ||| (to cure confusion)
 17073 | D:13     | 17073 ||| DRINKING 4 potions of curing.
 17073 | D:13     | 17073 ||| (to cure confusion)
 17090 | D:13     | 17090 ||| DROPPING +1 flail of protection.
 17175 | D:13     | 17175 ||| INVOKING Heroism.
 17234 | D:13     | 17234 ||| INVOKING Heroism.
 17436 | D:13     | Found a gate to the Vaults.
 17437 | D:13     | 17437 ||| DROPPING +1 war axe.
 17578 | D:13     | 17578 ||| UPGRADING to +0 kite shield of fire resistance.
 17588 | D:13     | 17588 ||| DROPPING +0 kite shield.
 17683 | D:14     | 17683 ||| INVOKING Heroism.
 17768 | D:14     | 17768 ||| Stepping ~*~*~tactically~*~*~ (stealth).
 17769 | D:14     | 17769 ||| Stepping ~*~*~tactically~*~*~ (stealth).
 17858 | D:14     | 17858 ||| Stepping ~*~*~tactically~*~*~ (hiding).
 17866 | D:14     | Reached skill level 12 in Fighting
 17866 | D:14     | Reached XP level 15. HP: 96/96 MP: 22/22
 17994 | D:14     | Found a viscous altar of Jiyva.
 18078 | D:14     | Found a sparkling altar of Nemelex Xobeh.
 18137 | D:14     | Noticed Josephine
 18140 | D:14     | 18140 ||| INVOKING Heroism.
 18141 | D:14     | 18141 ||| INVOKING Finesse.
 18144 | D:14     | 18144 ||| SWAPPING to +2 hand axe of flaming.
 18146 | D:14     | Killed Josephine
 18147 | D:14     | Reached skill level 3 in Dodging
 18158 | D:14     | 18158 ||| SWAPPING to +3 broad axe "Vynowk" {freeze, rC+}.
 18339 | D:14     | Found a runed translucent gate.
 18340 | D:14     | Found a runed translucent gate.
 18341 | D:14     | Found a runed translucent gate.
 18342 | D:14     | Noticed Nouqea's ghost (journeyman GrFi)
 18342 | D:14     | Noticed Axipewex's ghost (journeyman OgTm)
 18343 | D:14     | Noticed Pios Xaciraj's ghost (journeyman DgHW)
 18343 | D:14     | Noticed Cofimnas's ghost (journeyman FoFi)
 18518 | D:14     | 18518 ||| INVOKING Heroism.
 18890 | D:14     | 18890 ||| Stepping randomly (stuck).
 18897 | D:15     | Entered Level 15 of the Dungeon
 18918 | D:15     | 18918 ||| INVOKING Heroism.
 18920 | D:15     | 18920 ||| Stepping ~*~*~tactically~*~*~ (hiding).
 19132 | D:15     | 19132 ||| Stepping ~*~*~tactically~*~*~ (stealth).
 19139 | D:15     | 19139 ||| Stepping ~*~*~tactically~*~*~ (hiding).
 19175 | D:15     | Received a gift from Okawaru
 19176 | D:15     | 19176 ||| Stepping ~*~*~tactically~*~*~ (stealth).
 19196 | D:15     | 19196 ||| INVOKING Heroism.
 19339 | D:15     | Found a frozen archway.
 19436 | D:15     | Noticed Nessos
 19437 | D:15     | 19437 ||| INVOKING Finesse.
 19449 | D:15     | 19449 ||| Stepping ~*~*~tactically~*~*~ (hiding).
 19451 | D:15     | 19451 ||| Stepping ~*~*~tactically~*~*~ (hiding).
 19451 | D:15     | Killed Nessos
 19452 | D:15     | Reached skill level 16 in Axes
 19590 | D:15     | Found a staircase to the Depths.
 19591 | D:15     | 19591 ||| INVOKING Heroism.
 19593 | D:15     | 19593 ||| SWAPPING to +2 hand axe of flaming.
 19608 | D:15     | 19608 ||| SWAPPING to +3 broad axe "Vynowk" {freeze, rC+}.
 20002 | D:15     | Found a broken altar of Ashenzari.
 20023 | D:15     | 20023 ||| PLANNING ORC
 20155 | Orc:1    | Entered Level 1 of the Orcish Mines
 20169 | Orc:1    | 20169 ||| INVOKING Heroism.
 20217 | Orc:1    | Noticed Erica
 20237 | Orc:1    | Killed Erica
 20254 | Orc:1    | Noticed jujuben's ghost (journeyman HOGl)
 20278 | Orc:1    | 20278 ||| Stepping ~*~*~tactically~*~*~ (hiding).
 20395 | Orc:1    | Found a runed translucent door.
 20417 | Orc:1    | 20417 ||| Stepping ~*~*~tactically~*~*~ (hiding).
 20434 | Orc:1    | 20434 ||| INVOKING Heroism.
 20443 | Orc:1    | Found Zahest's Book Boutique.
 20942 | Orc:1    | 20942 ||| Stepping randomly (stuck).
 20967 | Orc:2    | Entered Level 2 of the Orcish Mines
 20970 | Orc:2    | 20970 ||| INVOKING Heroism.
 21135 | Orc:2    | 21135 ||| Stepping ~*~*~tactically~*~*~ (stealth).
 21136 | Orc:2    | 21136 ||| Stepping ~*~*~tactically~*~*~ (stealth).
 21182 | Orc:2    | Noticed Erolcha
 21183 | Orc:2    | 21183 ||| Stepping ~*~*~tactically~*~*~ (hiding).
 21184 | Orc:2    | 21184 ||| Stepping ~*~*~tactically~*~*~ (hiding).
 21189 | Orc:2    | 21189 ||| Stepping ~*~*~tactically~*~*~ (hiding).
 21194 | Orc:2    | Killed Erolcha
 21370 | Orc:2    | 21370 ||| Stepping ~*~*~tactically~*~*~ (hiding).
 21371 | Orc:2    | 21371 ||| Stepping ~*~*~tactically~*~*~ (hiding).
 21375 | Orc:2    | 21375 ||| INVOKING Heroism.
 21411 | Orc:2    | Found a staircase to the Elven Halls.
 21439 | Orc:2    | Received a gift from Okawaru
 21500 | Orc:2    | 21500 ||| INVOKING Heroism.
 21638 | Orc:2    | 21638 ||| INVOKING Heroism.
 21960 | Orc:2    | 21960 ||| Stepping ~*~*~tactically~*~*~ (hiding).
 21965 | Orc:2    | Found Waizac's Antique Weapon Emporium.
 21969 | Orc:2    | 21969 ||| Stepping ~*~*~tactically~*~*~ (hiding).
 21970 | Orc:2    | 21970 ||| FLEEEEING.
 21971 | Orc:2    | 21971 ||| FLEEEEING.
 21974 | Orc:2    | 21974 ||| FLEEEEING.
 21975 | Orc:2    | 21975 ||| FLEEEEING.
 21976 | Orc:2    | 21976 ||| FLEEEEING.
 21977 | Orc:2    | 21977 ||| FLEEEEING.
 21978 | Orc:2    | 21978 ||| FLEEEEING.
 21979 | Orc:2    | 21979 ||| FLEEEEING.
 21980 | Orc:2    | 21980 ||| FLEEEEING.
 21981 | Orc:2    | 21981 ||| FLEEEEING.
 21982 | Orc:2    | 21982 ||| Stepping ~*~*~tactically~*~*~ (hiding).
 21989 | Orc:2    | 21989 ||| INVOKING Heroism.
 22029 | Orc:2    | 22029 ||| INVOKING Heroism.
 22030 | Orc:2    | HP: 13/96 [orc high priest/divine providence (14)]
 22031 | Orc:2    | 22031 ||| READING 8 scrolls of teleportation.
 22032 | Orc:2    | 22032 ||| DRINKING potion of heal wounds.
 22212 | Orc:2    | 22212 ||| INVOKING Heroism.
 22235 | Orc:2    | Paralysed by an orc sorcerer for 4 turns
 22257 | Orc:2    | Gained mutation: You are vulnerable to heat. (rF-) [a
                  | neqoxec]
 22259 | Orc:2    | HP: 21/96 [orc high priest/divine providence (15)]
 22260 | Orc:2    | 22260 ||| READING 7 scrolls of teleportation.
 22527 | Orc:2    | Found Ostyic's Assorted Antiques.
 22528 | Orc:2    | Found Exeger's Antique Armour Shop.
 22529 | Orc:2    | 22529 ||| Stepping ~*~*~tactically~*~*~ (hiding).
 22533 | Orc:2    | 22533 ||| INVOKING Heroism.
 22550 | Orc:2    | Found Usou's Weapon Shop.
 22563 | Orc:2    | 22563 ||| BUYING embroidered hat (189 gold).
 22563 | Orc:2    | Bought an embroidered hat for 189 gold pieces
 22563 | Orc:2    | 22563 ||| BUYING glowing cloak (202 gold).
 22563 | Orc:2    | Bought a glowing cloak for 202 gold pieces
 22566 | Orc:2    | 22566 ||| BUYING potion of might (148 gold).
 22566 | Orc:2    | Bought a potion of might for 148 gold pieces
 22659 | Orc:2    | 22659 ||| PLANNING SWAMP:1-3
 22659 | Orc:2    | 22659 ||| UPGRADING to +2 plate armour of cold resistance.
 22669 | Orc:2    | 22669 ||| DROPPING +2 hat.
 22670 | Orc:2    | 22670 ||| DROPPING +2 plate armour.
 22671 | Orc:2    | 22671 ||| DROPPING +1 cloak.
 22788 | Swamp:1  | Entered Level 1 of the Swamp
 22810 | Swamp:1  | 22810 ||| Stepping ~*~*~tactically~*~*~ (hiding).
 22927 | Swamp:1  | 22927 ||| Stepping ~*~*~tactically~*~*~ (hiding).
 22931 | Swamp:1  | 22931 ||| INVOKING Heroism.
 22941 | Swamp:1  | Reached skill level 17 in Axes
 22942 | Swamp:1  | 22942 ||| SWAPPING to +2 hand axe of flaming.
 22950 | Swamp:1  | Reached XP level 16. HP: 90/101 MP: 23/23
 22955 | Swamp:1  | 22955 ||| SWAPPING to +3 broad axe "Vynowk" {freeze, rC+}.
 23053 | Swamp:1  | 23053 ||| INVOKING Heroism.
 23054 | Swamp:1  | 23054 ||| SWAPPING to +2 hand axe of flaming.
 23060 | Swamp:1  | 23060 ||| SWAPPING to +3 broad axe "Vynowk" {freeze, rC+}.
 23060 | Swamp:1  | HP: 17/103 [will-o-the-wisp/foxfire (19)]
 23061 | Swamp:1  | 23061 ||| READING 6 scrolls of teleportation.
 23109 | Swamp:1  | 23109 ||| FLEEEEING.
 23110 | Swamp:1  | 23110 ||| FLEEEEING.
 23111 | Swamp:1  | 23111 ||| FLEEEEING.
 23112 | Swamp:1  | 23112 ||| FLEEEEING.
 23113 | Swamp:1  | 23113 ||| FLEEEEING.
 23114 | Swamp:1  | 23114 ||| FLEEEEING.
 23115 | Swamp:1  | 23115 ||| FLEEEEING.
 23116 | Swamp:1  | 23116 ||| FLEEEEING.
 23117 | Swamp:1  | 23117 ||| FLEEEEING.
 23118 | Swamp:1  | 23118 ||| FLEEEEING.
 23119 | Swamp:1  | 23119 ||| STAIRDANCE
 23422 | Swamp:1  | 23422 ||| FLEEEEING.
 23424 | Swamp:1  | 23424 ||| FLEEEEING.
 23486 | Swamp:1  | 23486 ||| INVOKING Heroism.
 23635 | Swamp:1  | 23635 ||| READING scroll labelled AJEOHA DOMIOCU.
 23669 | Swamp:2  | 23669 ||| INVOKING Heroism.
 23680 | Swamp:2  | 23680 ||| SWAPPING to +2 hand axe of flaming.
 23689 | Swamp:2  | 23689 ||| SWAPPING to +3 broad axe "Vynowk" {freeze, rC+}.
 23691 | Swamp:2  | HP: 22/104 [bunyip (28)]
 23692 | Swamp:2  | 23692 ||| READING 5 scrolls of teleportation.
 23699 | Swamp:2  | 23699 ||| READING 4 scrolls of teleportation.
 23703 | Swamp:2  | 23703 ||| FLEEEEING.
 23706 | Swamp:2  | 23706 ||| READING 3 scrolls of teleportation.
 23707 | Swamp:2  | Killed by an exploding bloated husk... set off by themself

Levels and vault maps discovered:
D:1:      scummos_arrival_star, layout_basic, ebering_ecumenical_altar_petrified
D:2:      layout_loops_ring, minmay_pentomino_u2, uniq_natasha
D:3:      layout_basic, gup_sewer_entry_bowl, minmay_ogre_servants
D:4:      layout_loops_ring, lightli_temple_of_fire, vehumet_altar_wand_db,
          minmay_door_square, hex_large, hangedman_decor_lopped,
          minmay_misc_feat_diagonals, uniq_menkaure, uniq_ijyb
D:5:      minmay_angry_zag, layout_basic, minmay_temple_entry_waves,
          hangedman_abyss_or_decor_lesser_grid
D:6:      layout_loops_ring
D:7:      layout_cave_pods, minmay_hollow_rounded_squares, uniq_joseph,
          uniq_pikel, uniq_duvessa
D:8:      layout_cave_pools, marbit_many_paths, nicolae_uskayaw_en_pointe,
          serial_shops, shop
D:9:      layout_irregular_city, nicolae_overflow_crystal_walls,
          ebering_ghost_inner_flame
D:10:     layout_rooms, nicolae_twisting_strands,
          nicolae_shop_distant_corner_stores
D:11:     lemuel_ice_statue, layout_loops_ring, dpeg_oklobed_lair, orc_david_3,
          kennysheep_nondescript
D:12:     layout_loops_ring, serial_rivers, chequers_serial_rivers_large_b,
          chequers_serial_rivers_small_a, chequers_serial_rivers_micro_a,
          chequers_serial_rivers_micro_e, chequers_serial_rivers_small_b,
          chequers_serial_rivers_micro_e, minivault_22, uniq_nergalle
D:13:     layout_loops_ring, ximxim_vaults_locker_room, tso_altar
D:14:     layout_irregular_city, gammafunk_ghost_cemetery,
          nemelex_xobeh_ov_fountains_minmay, jiyva_altar_1, uniq_josephine
D:15:     hangedman_depths_entry_try_elsewhere_first, layout_loops_cross,
          portal_ice_cave_entry_ugly_swarm, cheibrodos_ashenzari_chains,
          nrook_uturn, uniq_nessos
Temple:   minmay_crystal_spiral_temple
Lair:1:   layout_layer_cave
Lair:2:   layout_small_grid, minmay_swamp_entry_worms
Lair:3:   layout_gridlike, guppyfry_snake_entry_island,
          nicolae_lair_grove_arrangements, nzn_random_ring, uniq_fannar
Lair:4:   layout_loops_ring, nicolae_volcano_entry_lava_flow
Lair:5:   grunt_lair_end_beastmaster, layout_small_grid, slime_entry_1
Swamp:1:  layout_falls_marsh, hangedman_swamp_ruin_wall, swamp_pool4
Swamp:2:  layout_falls_marsh, evilmike_swamp_ruin_rubble_1, swamp_pool5
Orc:1:    layout_caves, hellmonk_ghost_happy_afterlife, basic_altar,
          serial_shops, shop, uniq_erica
Orc:2:    st_orc_elflike, layout_caves, hangedman_feature_mirror,
          nicolae_orc_lava_room, uniq_erolcha

Skill      XL: |  1  2  3  4  5  6  7  8  9 10 11 12 13 14 15 16 |
---------------+-------------------------------------------------+-----
Axes           | 2 3 4 5 6 7 8 9 10 11 12 13 15 17 | 17.0
Throwing       | 1 2 3 4 5 |  5.0
Fighting       | 4 6 8 9 10 12 13 | 13.0
Dodging        | 2 3 |  3.3
Invocations    | 3 4 7 10 | 10.0
Armour         | 5 7 8 10 11 | 11.8
Shields        | 4 9 10 11 12 13 | 13.0

Action                     |  1- 3 |  4- 6 |  7- 9 | 10-12 | 13-15 | 16-18 || total
---------------------------+-------+-------+-------+-------+-------+-------++-------
  Melee: War axe           |    64 |   182 |    30 |       |       |       ||   276
         Broad axe         |       |       |   139 |   384 |   912 |    83 ||  1518
         Kick              |       |       |     8 |   106 |   324 |    29 ||   467
         Flail             |       |       |       |       |    41 |       ||    41
         Hand axe          |       |       |       |       |    34 |    18 ||    52
  Throw: Javelin           |       |    57 |    39 |    43 |    54 |     6 ||   199
         Boomerang         |       |       |     3 |    72 |   143 |    15 ||   233
 Invoke: Heroism           |       |       |     5 |    25 |    38 |     3 ||    71
         Finesse           |       |       |       |       |     5 |       ||     5
    Use: Scroll            |     1 |     6 |     5 |     8 |     5 |     5 ||    30
         Potion            |       |     2 |     4 |     3 |     4 |       ||    13
   Stab: Invisible         |       |       |       |     1 |       |       ||     1
 Armour: Scale mail        |    25 |    23 |       |       |       |       ||    48
         Chain mail        |       |    56 |    48 |       |       |       ||   104
         Plate armour      |       |       |    50 |   199 |   432 |    56 ||   737
  Dodge: Dodged            |    24 |    64 |    55 |   105 |   236 |    33 ||   517
  Block: Buckler           |    14 |    33 |    35 |    16 |       |       ||    98
         Kite shield       |       |       |       |   162 |   566 |    90 ||   818
         Reflection        |       |       |       |       |    16 |     1 ||    17

Table legend:
 A = Non-vault XP
 B = Vault XP
 C = Vault XP percentage of total XP
 D = Non-vault monster count
 E = Vault monster count
 F = Vault count percentage of total count
                 A         B        C        D         E       F
            +---------+---------+-------+---------+---------+-------
      Total |   92980 |   49412 |  34.7 |     497 |     188 |  27.4
            +---------+---------+-------+---------+---------+-------
        D:1 |      17 |       0 |   0.0 |      11 |       0 |   0.0
        D:2 |     143 |      34 |  19.2 |      25 |       2 |   7.4
        D:3 |      28 |     141 |  83.4 |      13 |      11 |  45.8
        D:4 |     231 |     211 |  47.7 |      14 |       3 |  17.6
        D:5 |     832 |     482 |  36.7 |      20 |       5 |  20.0
        D:6 |     585 |       0 |   0.0 |       9 |       0 |   0.0
        D:7 |    1392 |    2308 |  62.4 |      26 |      13 |  33.3
        D:8 |    2485 |      36 |   1.4 |      32 |       1 |   3.0
        D:9 |    2837 |       0 |   0.0 |      13 |       0 |   0.0
       D:10 |    3044 |       0 |   0.0 |      19 |       0 |   0.0
       D:11 |    7931 |    1274 |  13.8 |      23 |       9 |  28.1
       D:12 |    5320 |     767 |  12.6 |      12 |       1 |   7.7
       D:13 |    5254 |    4795 |  47.7 |      15 |      11 |  42.3
       D:14 |    7442 |    2312 |  23.7 |      19 |      10 |  34.5
       D:15 |    5984 |    7930 |  57.0 |      18 |      11 |  37.9
     Lair:1 |    6229 |       0 |   0.0 |      25 |       0 |   0.0
     Lair:2 |    4598 |    1723 |  27.3 |      24 |       7 |  22.6
     Lair:3 |    3064 |    7641 |  71.4 |      17 |      21 |  55.3
     Lair:4 |    5581 |       0 |   0.0 |      25 |       0 |   0.0
     Lair:5 |    5797 |    8510 |  59.5 |      17 |      16 |  48.5
    Swamp:1 |   12091 |       0 |   0.0 |      30 |       0 |   0.0
    Swamp:2 |    3008 |     267 |   8.2 |       5 |       2 |  28.6
      Orc:1 |    4892 |     839 |  14.6 |      48 |       1 |   2.0
      Orc:2 |    4195 |    9996 |  70.4 |      37 |      32 |  46.4
      Sewer |       0 |     146 | 100.0 |       0 |      32 | 100.0
            +---------+---------+-------+---------+---------+-------
